AoeStats
← Paulinho19

Black Forest

503996039Analyzed
4v4 RM · 1mo ago on Sep 3, 2026· 49m 8s· 8 players
Game mode
Random Map
Map size
Large (8 player)
Population
200
Speed
Normal
Resources
Standard
Victory
Conquest
Starting age
Dark Age
Ending age
Imperial Age
RankedLock teamsTeams togetherTeam positionsShared explorationLock speedFull tech treeHidden civsTurbo modeCheats
Victory
Defeat
🇨🇳 Franks · China
933
+14
🇨🇳 Teutons · China
907
+15
902
+15
🇨🇳 Portuguese · China
844
+18
🇬🇧 Japanese · United Kingdom
910
-17
🇷🇴 Magyars · Romania
907
-17
🇹🇷 Burmese · Türkiye
854
-14
🇹🇷 Turks · Türkiye
853
-14
天皇陛下孙笑川
0:50 Loom
12:44 Feudal Age
13:12 Double-Bit Axe
18:54 Castle Age
19:26 Horse Collar
20:23 Bow Saw
26:03 Wheelbarrow
26:29 Heavy Plow
33:39 Imperial Age
31:41 Caravan
32:55 Masonry
32:57 Fortified Wall
33:36 Forging
33:26 Scale Mail Armor
33:18 Fletching
33:52 Gold Mining
33:57 Stone Mining
34:59 Iron Casting
34:51 Squires
34:13 Pikeman
35:15 Conscription
35:35 Chain Mail Armor
36:58 Two-Man Saw
36:57 Hand Cart
36:15 Halberdier
36:41 Arson
39:14 Plate Mail Armor
39:46 Blast Furnace
39:01 Treadmill Crane
40:25 Chemistry
39:25 Town Watch
42:24 Kataparuto
43:14 Bodkin Arrow
45:35 Siege Engineers
45:20 Elite Samurai
路一司
10:43 Feudal Age
16:35 Castle Age
15:30 Double-Bit Axe
25:11 Imperial Age
23:01 Treadmill Crane
29:48 Wheelbarrow
29:00 Loom
29:00 Town Watch
29:20 Caravan
31:57 Ballistics
32:26 Hand Cart
34:41 Chemistry
34:16 Bow Saw
34:55 Conscription
34:37 Arquebus
34:09 Elite Organ Gun
35:32 Coinage
36:13 Two-Man Saw
36:42 Banking
36:25 Siege Engineers
dashjk
12:14 Feudal Age
16:24 Castle Age
14:10 Loom
15:04 Double-Bit Axe
15:46 Horse Collar
19:02 Forging
18:54 Scale Mail Armor
19:00 Scale Barding Armor
19:40 Wheelbarrow
19:59 Bow Saw
19:18 Pikeman
21:50 Heavy Plow
26:00 Gold Mining
27:21 Stone Mining
30:24 Imperial Age
28:56 Ballistics
28:59 Hand Cart
28:58 Town Watch
30:15 Iron Casting
30:01 Chain Barding Armor
30:56 Squires
30:41 Arson
31:59 Conscription
32:43 Chemistry
32:43 Capped Ram
32:48 Halberdier
33:58 Chain Mail Armor
35:19 Blast Furnace
34:40 Chain Barding Armor
35:54 Ironclad
36:29 Crop Rotation
37:03 Two-Man Saw
37:14 Elite Teutonic Knight
37:37 Heavy Scorpion
39:59 Crenellations
42:10 Bloodlines
41:21 Cavalier
42:50 Paladin
44:11 Plate Barding Armor
44:07 Plate Mail Armor
43:38 Padded Archer Armor
43:28 Fletching
46:40 Hoardings
aaa916_
2:01 Loom
10:36 Feudal Age
19:08 Castle Age
18:21 Double-Bit Axe
18:29 Gold Mining
20:08 Husbandry
24:34 Scale Barding Armor
29:02 Chain Barding Armor
28:53 Forging
30:11 Stone Mining
32:55 Gold Shaft Mining
34:22 Bow Saw
34:49 Wheelbarrow
34:47 Town Watch
36:00 Iron Casting
37:02 Hand Cart
41:25 Imperial Age
41:29 Cavalier
42:48 Hoardings
42:14 Chivalry
43:55 Blast Furnace
43:31 Plate Barding Armor
43:07 Paladin
44:23 Chivalry
44:59 Hoardings
45:30 Plate Barding Armor
45:56 Blast Furnace
House of Bebu
1:54 Loom
12:47 Feudal Age
18:11 Castle Age
16:33 Double-Bit Axe
19:39 Bow Saw
19:40 Horse Collar
20:57 Wheelbarrow
21:31 Stone Mining
23:27 Heavy Plow
28:05 Fortified Wall
28:46 Hand Cart
31:07 Guard Tower
30:59 Treadmill Crane
31:16 Fletching
31:37 Forging
31:31 Scale Mail Armor
31:31 Padded Archer Armor
32:15 Bodkin Arrow
33:32 Iron Casting
33:08 Thumb Ring
33:22 Yasama
33:35 Gold Mining
34:49 Bloodlines
34:40 Husbandry
35:05 Ballistics
34:41 Murder Holes
37:55 Imperial Age
35:11 Town Watch
36:38 Town Patrol
37:23 Masonry
37:31 Leather Archer Armor
37:33 Chain Mail Armor
37:37 Redemption
37:29 Atonement
37:41 Fervor
38:05 Sanctity
37:47 Devotion
39:05 Gold Shaft Mining
39:41 Chemistry
39:38 Parthian Tactics
39:54 Ring Archer Armor
40:07 Hoardings
39:52 Conscription
39:43 Heavy Cavalry Archer
41:33 Keep
40:42 Elite Samurai
43:14 Blast Furnace
42:44 Plate Mail Armor
42:15 Bracer
46:02 Light Cavalry
46:53 Scale Barding Armor
46:30 Pikeman
47:11 Squires
46:56 Arson
sonsehzadee
7:58 Loom
13:00 Feudal Age
20:25 Castle Age
19:10 Gold Mining
19:11 Stone Mining
19:05 Horse Collar
23:36 Heavy Plow
26:29 Wheelbarrow
30:14 Hand Cart
31:40 Caravan
35:49 Imperial Age
35:54 Coinage
36:03 Manipur Cavalry
37:06 Husbandry
37:17 Bloodlines
36:28 Elite Battle Elephant
38:59 Guilds
39:33 Gold Shaft Mining
39:36 Conscription
39:18 Howdah
40:41 Chemistry
39:51 Scale Barding Armor
39:57 Forging
39:48 Scale Mail Armor
39:26 Elite Arambai
40:43 Light Cavalry
42:07 Crop Rotation
41:38 Hussar
Paulinho19
0:34 Loom
14:26 Feudal Age
15:02 Horse Collar
15:10 Double-Bit Axe
16:19 Stone Mining
19:47 Castle Age
19:14 Gold Mining
20:50 Bow Saw
20:43 Heavy Plow
26:03 Town Watch
26:25 Arson
31:35 Wheelbarrow
31:17 Pikeman
33:15 Hand Cart
34:56 Gold Shaft Mining
34:33 Corvinian Army
34:52 Murder Holes
35:56 Town Patrol
36:26 Ballistics
35:48 Treadmill Crane
36:19 Masonry
39:26 Imperial Age
39:42 Thumb Ring
38:59 Crossbowman
38:59 Elite Skirmisher
40:03 Bloodlines
39:54 Husbandry
39:15 Light Cavalry
40:27 Conscription
41:15 Chemistry
40:30 Elite Magyar Huszar
41:46 Hoardings
40:34 Cavalier
41:37 Scale Barding Armor
41:23 Fletching
41:34 Padded Archer Armor
42:17 Recurve Bow
41:48 Sappers
44:30 Chain Barding Armor
44:07 Bodkin Arrow
44:31 Leather Archer Armor
43:47 Heavy Cavalry Archer
44:53 Parthian Tactics
44:49 Halberdier
47:35 Plate Barding Armor
48:40 Bracer
49:10 Ring Archer Armor
parla
2:20 Loom
12:37 Feudal Age
14:21 Double-Bit Axe
22:20 Castle Age
24:37 Bow Saw
24:22 Gold Mining
31:08 Gold Shaft Mining
33:40 Treadmill Crane
39:29 Imperial Age
37:16 Padded Archer Armor
37:11 Fletching
37:28 Town Watch
41:16 Artillery
41:27 Heavy Camel Rider
Connection lost

Rejoining the realm…

Still unreachable

The connection could not be restored.

Session expired

The server has moved on; the page needs a fresh start.